 Dungeon Crawl Stone Soup version 0.29-a0-632-g781b4ac09e (webtiles) character file.

Game seed: 10285559299596138777

280 Johnny the Cudgeller (level 6, -4/88 HPs)
             Began as a Troll Berserker on June 19, 2022.
             Was a Priest of Trog.
             Slain by a black bear (5 damage)
             ... on level 4 of the Dungeon.
             The game lasted 00:02:10 (2850 turns).

Johnny the Cudgeller (Troll Berserker)              Turns: 2850, Time: 00:02:11

Health: -4/88      AC:  4    Str: 28    XL:     6   Next: 5%
Magic:  5/5        EV: 10    Int:  3    God:    Trog [***...]
Gold:   154        SH:  0    Dex:  9    Spells: 5/5 levels left

rFire   . . .      SeeInvis .   a - +0 mace
rCold   . . .      Faith    .   (no shield)
rNeg    . . .      Spirit   .   b - +0 animal skin
rPois   .          Reflect  .   (helmet restricted)
rElec   .          Harm     .   (no cloak)
rCorr   +          Rampage  .   (gloves unavailable)
Will    .....                   (boots unavailable)
Stlth   ..........              (no amulet)
HPRegen 1.04/turn               f - ring of resist corrosion
MPRegen 0.09/turn               (no ring)

@: berserking (expiring), very quick
A: large, unfitting armour, claws 3, regeneration 1, shaggy fur 1, tough skin 1
a: Renounce Religion, Berserk, Trog's Hand


You were on level 4 of the Dungeon.
You worshipped Trog.
Trog was most pleased with you.
You visited 1 branch of the dungeon, and saw 4 of its levels.

You collected 154 gold pieces.

Inventory:

Hand Weapons
 a - a +0 mace (weapon)
Missiles
 v - 4 large rocks (quivered)
Armour
 b - a +0 animal skin (worn)
Jewellery
 f - a ring of resist corrosion (left claw)
 w - a ring of positive energy
Wands
 q - a wand of light (3)
Scrolls
 k - 2 scrolls of magic mapping {unknown}
 l - a scroll of brand weapon {unknown}
 m - a scroll of vulnerability {unknown}
 o - a scroll of torment {unknown}
 p - 4 scrolls of identify {unknown}
 r - a scroll of blinking {unknown}
 s - a scroll of acquirement {unknown}
 u - a scroll of teleportation {unknown}
Potions
 c - a potion of ambrosia {unknown}
 d - a potion of degeneration {unknown}
 e - a potion of flight {unknown}
 g - 2 potions of invisibility {unknown}
 h - a potion of mutation {unknown}
 i - 2 potions of brilliance {unknown}
 j - 2 potions of heal wounds {unknown}
 n - 3 potions of curing {unknown}
 t - a potion of magic {unknown}


   Skills:
 - Level 2.4 Fighting
 * Level 6.2 Maces & Flails
 - Level 2.4 Dodging


You had 5 spell levels left.
You didn't know any spells.
Your spell library contained the following spells:

 Spells                   Type           Power      Damage    Failure   Level
 Magic Dart               Conj           0%         1d3       52%         1
 Searing Ray              Conj           0%         2d4       67%         2
 Static Discharge         Conj/Air       0%         N/A       67%         2
 Dispel Undead            Necr           0%         3d6       99%         4
 Fulminant Prism          Conj/Hex       0%         3d6       99%         4
 Sticky Flame             Conj/Fire      0%         2d3       99%         4
 Fireball                 Conj/Fire      0%         3d3       100%        5
 Iskenderun's Battlesphe  Conj           0%         2d6       100%        5
 Conjure Ball Lightning   Conj/Air       0%         3x3d6     100%        6
 Orb of Destruction       Conj           0%         9d5       100%        7


Dungeon Overview and Level Annotations

Branches:
Dungeon (4/15)
 Temple: D:4-7

Altars:
Hepliaklqana
Makhleb
Ru
Xom

Shops:
D:1 =


Innate Abilities, Weirdness & Mutations

You are too large for most types of armour.
You have claws for hands.
Your natural rate of healing is unusually fast.
You are covered in fur. (AC +1)
You have tough skin. (AC +1)


Message History

The black bear barely misses you.
You barely miss the black bear. Your claw misses the black bear.
The black bear is severely wounded.
The black bear bites you but does no damage.
The black bear claws you. x2
You are too injured to fight recklessly!
You are too injured to fight recklessly!
You are too injured to fight recklessly!
A red film seems to cover your vision as you go berserk!
You feel yourself moving faster!
You feel mighty! The black bear barely misses you. The black bear claws you. x2
The black bear bites you.
* * * LOW HITPOINT WARNING * * *
The black bear barely misses you. The black bear claws you.
* * * LOW HITPOINT WARNING * * *
You barely miss the black bear.
The black bear is severely wounded.
The black bear bites you!
* * * LOW HITPOINT WARNING * * *
The black bear claws you.
* * * LOW HITPOINT WARNING * * *
The black bear claws you but does no damage.
You barely miss the black bear.
The black bear is severely wounded.
The black bear barely misses you. The black bear claws you.
* * * LOW HITPOINT WARNING * * *
The black bear claws you.
* * * LOW HITPOINT WARNING * * *
You closely miss the black bear.
The black bear is severely wounded.
The black bear bites you but does no damage.
The black bear closely misses you. The black bear claws you.
* * * LOW HITPOINT WARNING * * *
Unknown command.
You closely miss the black bear.
The black bear is severely wounded.
The black bear barely misses you. x2; The black bear claws you.
* * * LOW HITPOINT WARNING * * *
The black bear misses you. The black bear claws you.
You die...

#..#.#.#......# #.# #........
#......#.#..#.# #.# ######.##
#.##........#.# #.# ##.##
##.######....#.# #.#######....
#......###.###.# #............
####....##⌠#.#⌠#.#########<......
.....†..##.....#........ #.......
........##.._..#.###..!. #.......
........##.....#@..# .. #.......
........########h..# #.......
........# ....# #.......
#.......# ..>..# #...†...
'.......# ......# #.......
#...##### .......# #....... #####
........# #....... # #####
...!.....+ #....... # #...#
#.......


You could see a black bear (berserk).

Vanquished Creatures
  A jelly (D:4)
  A hound (D:4)
  2 orc wizards (D:3)
  4 adders
  4 gnolls (D:3)
  A worm (D:2)
  7 dart slugs
  4 orcs (D:3)
  7 ball pythons
  7 endoplasms
  3 giant cockroaches
  10 goblins
  10 hobgoblins
  3 jackals (D:1)
  2 quokkas (D:3)
  3 bats
  2 frilled lizards
  4 kobolds
  2 rats
77 creatures vanquished.

Notes
Turn   | Place    | Note
-------+----------+-------------------------------------------
     0 | D:1      | Johnny the Troll Berserker began the quest for the Orb.
     0 | D:1      | Reached XP level 1. HP: 22/22 MP: 0/0
    59 | D:1      | Found a faded altar of an unknown god.
    62 | D:1      | Reached skill level 3 in Maces & Flails
    74 | D:1      | Reached XP level 2. HP: 28/29 MP: 1/1
   160 | D:1      | Found Yrymef's Jewellery Emporium.
   375 | D:1      | Reached XP level 3. HP: 36/36 MP: 2/2
   521 | D:1      | Reached skill level 4 in Maces & Flails
   746 | D:2      | Reached ** piety under Trog
   754 | D:2      | Found a hazy altar of Hepliaklqana.
  1505 | D:3      | Reached XP level 4. HP: 44/44 MP: 3/3
  1512 | D:3      | Reached skill level 5 in Maces & Flails
  1660 | D:3      | Reached XP level 5. HP: 50/50 MP: 4/4
  1706 | D:3      | Found a sacrificial altar of Ru.
  1715 | D:3      | Found a shimmering altar of Xom.
  2031 | D:3      | Reached *** piety under Trog
  2395 | D:4      | Reached skill level 6 in Maces & Flails
  2610 | D:4      | Found a burning altar of Makhleb.
  2674 | D:4      | Reached XP level 6. HP: 49/59 MP: 5/5
  2848 | D:4      | HP: 2/88 [black bear (6)]
  2850 | D:4      | Slain by a black bear

Illustrated notes

Levels and vault maps discovered:
D:1:      psy_arrival_radial01, layout_basic, dreamdust_ecumenical_altar_grove,
          serial_shops, shop
D:2:      layout_basic, basic_altar
D:3:      layout_basic, mainiacjoe_overflow_swirl
D:4:      layout_basic, mainiacjoe_overflow_alcove_2, nrook_loot_triangle,
          minmay_puff

Skill      XL: |  1  2  3  4  5 |
---------------+----------------+-----
Maces & Flails | 3 4 5 6 |  6.2
Fighting       | |  2.4
Dodging        | |  2.4

Action                   |  1- 3 |  4- 6 || total
-------------------------+-------+-------++-------
Melee: Mace              |   137 |   146 ||   283
       Punch             |       |     1 ||     1
Invok: Berserk           |     1 |     2 ||     3
       Trog's Hand       |     1 |     1 ||     2
 Stab: Sleeping          |     1 |     1 ||     2
Armor: Animal skin       |    52 |    45 ||    97
Dodge: Dodged            |    87 |    94 ||   181

Table legend: (Time is in decaauts)
 A = Elapsed time spent in this place.
 B = Non-inter-level travel time spent in this place.
 C = Inter-level travel time spent in this place.
 D = Time resting spent in this place.
 E = Time spent auto-exploring this place.
 F = Levels seen in this place.
 G = Mean time per level.
                   A        B        C        D        E       F      G
               +--------+--------+--------+--------+--------+-----+--------+
         Total |   2906 |   2821 |     85 |      6 |   2222 |   4 |  726.5 |
       Dungeon |   2906 |   2821 |     85 |      6 |   2222 |   4 |  726.5 |
               +--------+--------+--------+--------+--------+-----+--------+

Top non-repeatable levels by time:
     D:3: 942 daAuts
     D:1: 730 daAuts
     D:2: 724 daAuts
     D:4: 508 daAuts
